 Dungeon Crawl Stone Soup version 0.26-a0-597-gb535b0901c (webtiles) character file.

Game seed: 2201016586963250059

308 ANON1729 the Sneak (level 6, -1/45 (48) HPs)
             Began as a Demonspawn Wanderer on Aug 25, 2020.
             Slain by an ogre
             ... wielding a +0 giant club
              (12 damage)
             ... on level 4 of the Dungeon.
             The game lasted 00:05:41 (4853 turns).

ANON1729 the Sneak (Demonspawn Wanderer)            Turns: 4853, Time: 00:05:42

HP:   -1/45 (48)    AC:  8    Str: 15    XL:     6   Next: 17%
MP:   10/10         EV: 11    Int: 13    God:
Gold: 206           SH:  5    Dex: 12    Spells: 7/11 levels left

rFire    . . .     SeeInvis .   m - +1 dagger (protect)
rCold    . . .     Faith    .   (no shield)
rNeg     . . .     Spirit   .   v - +2 robe {Archmagi}
rPois    .         Reflect  +   p - +2 helmet
rElec    .         Harm     .   (no cloak)
rCorr    .                      (no gloves)
MR       .....                  (no boots)
Stlth    +++.......             n - amulet of reflection
HPRegen  0.15/turn              (no ring)
MPRegen  0.12/turn              (no ring)

@: no status effects
A: claws 1, rugged brown scales 1
a: no special abilities


You were on level 4 of the Dungeon.
You visited 1 branch of the dungeon, and saw 4 of its levels.

You collected 206 gold pieces.

Inventory:

Hand Weapons
 d - a +0 falchion
 l - a cursed -2 hand axe
 m - a +1 dagger of protection (weapon)
Armour
 p - a +2 helmet (worn)
 v - a +2 robe of the Archmagi (worn)
Jewellery
 j - an uncursed ring of fire
 n - an amulet of reflection (around neck)
Scrolls
 b - a scroll of blinking
 c - a scroll of teleportation {unknown}
 g - a scroll of amnesia {unknown}
 h - a scroll of remove curse {unknown}
 i - a scroll of enchant weapon {unknown}
 k - 2 scrolls of enchant armour {unknown}
 o - 2 scrolls of identify {unknown}
 q - 2 scrolls of random uselessness {unknown}
Potions
 f - a potion of mutation {unknown}
 r - a potion of curing
 s - 2 potions of haste {unknown}
 t - a potion of berserk rage {unknown}
 u - a potion of cancellation {unknown}


   Skills:
 + Level 3.3 Fighting
 - Level 2.1 Long Blades
 + Level 4.2 Stealth
 + Level 3.1 Spellcasting
   Level 4.0 Poison Magic


You had 7 spell levels left.
You knew the following spells:

 Your Spells              Type           Power        Failure   Level
a - Wereblood             Tmut           #.......     34%         2
b - Passwall              Tmut/Erth      #.......     34%         2

Your spell library contained the following spells:

 Spells                   Type           Power        Failure   Level


Dungeon Overview and Level Annotations

Branches:
Dungeon (4/15)
 Temple: D:4-7

Altars:
Hepliaklqana
Nemelex Xobeh
Yredelemnul
Zin


Innate Abilities, Weirdness & Mutations

You have sharp fingernails.
You are partially covered in rugged brown scales. (AC +1, +3% HP)


Message History

An ogre is nearby!
An ogre is nearby!
The ogre shouts!
The ogre hits you with a +0 giant club!!
You hit the ogre.
Your weapon exudes an aura of protection.
The ogre is lightly wounded.
You hit the ogre.
The ogre is lightly wounded.
The ogre barely misses you.
You hit the ogre.
The ogre is moderately wounded.
You barely miss the ogre.
The ogre is moderately wounded.
The ogre hits you with a +0 giant club!!
* * * LOW HITPOINT WARNING * * *
You are too injured to fight recklessly!
You swing at nothing.
The ogre hits you with a +0 giant club!
You die...

#.....# #.# #####.#
#.# #######.#.# #.#
#.........# #.#
#.######### #.# #.#
#.# #.# #.#
#.#################.#
#......O@...........#
#####################


You could see an ogre.

Vanquished Creatures
  A necrophage (D:3)
  Jessica (D:3)
  Natasha (D:2)
  A worker ant (D:4)
  Robin (D:1)
  5 adders
  A worm (D:2)
  2 dart slugs
  5 leopard geckos
  3 orcs (D:3)
  7 bats
  4 giant cockroaches
  12 goblins
  7 hobgoblins
  3 jackals (D:3)
  2 quokkas (D:2)
  A ball python (D:1)
  8 frilled lizards
  9 kobolds
  6 rats
80 creatures vanquished.

Notes
Turn   | Place    | Note
-------+----------+-------------------------------------------
     0 | D:1      | ANON1729 the Demonspawn Wanderer began the quest for the
                  | Orb.
     0 | D:1      | ANON1729 set off with the following items: a +2 dagger, a
                  | scroll of blinking, a +0 falchion, a +0 robe; and the
                  | following spells available to memorise: Passwall, Wereblood
     0 | D:1      | Reached XP level 1. HP: 15/15 MP: 2/2
   164 | D:1      | Gained mutation: You have sharp fingernails. [demonic
                  | ancestry]
   164 | D:1      | Reached XP level 2. HP: 8/21 MP: 3/3
  1099 | D:2      | HP: 1/21 [leopard gecko (3)]
  1645 | D:2      | Gained mutation: You are partially covered in rugged brown
                  | scales. (AC +1, +3% HP) [demonic ancestry]
  1645 | D:2      | Reached XP level 3. HP: 21/26 MP: 5/5
  2033 | D:2      | Learned a level 2 spell: Wereblood
  2036 | D:2      | Learned a level 2 spell: Passwall
  2044 | D:2      | Found a glowing silver altar of Zin.
  2078 | D:2      | Found a hazy altar of Hepliaklqana.
  2089 | D:2      | Found a basalt altar of Yredelemnul.
  2418 | D:2      | Noticed Robin
  2647 | D:1      | Killed Robin
  2647 | D:1      | Reached XP level 4. HP: 22/33 MP: 5/7
  2829 | D:2      | Noticed Natasha
  2857 | D:2      | Killed Natasha
  3580 | D:3      | Noticed a necrophage
  3618 | D:3      | Killed a necrophage
  3618 | D:3      | Reached XP level 5. HP: 17/38 MP: 7/9
  4141 | D:3      | Found a sparkling altar of Nemelex Xobeh.
  4347 | D:3      | Noticed Jessica
  4359 | D:3      | Killed Jessica
  4359 | D:3      | Reached XP level 6. HP: 45/45 MP: 10/10
  4853 | D:4      | Slain by an ogre

Illustrated notes

Levels and vault maps discovered:
D:1:      minmay_arrival_four_houses, layout_basic
D:2:      layout_basic, overflow_temple_1_default,
          amethyst_overflow_temple_binary, uniq_robin, uniq_natasha
D:3:      wander_river, layout_rooms, nemelex_xobeh_ov_fountains_minmay,
          uniq_jessica
D:4:      layout_basic, kennysheep_slug_shrine, item_on_display_a

Skill      XL: |  1  2  3  4  5 |
---------------+----------------+-----
Stealth        | 3 4 |  4.2
Fighting       | 2 3 |  3.3
Spellcasting   | 2 3 |  3.1
Long Blades    | 2 |  2.1
Poison Magic   | |  4.0

Action                   |  1- 3 |  4- 6 || total
-------------------------+-------+-------++-------
Melee: Dagger            |   217 |   197 ||   414
  Use: Potion            |       |     2 ||     2
 Stab: Sleeping          |     6 |     3 ||     9
Armor: Robe              |    82 |    67 ||   149
       Skin              |       |     8 ||     8
Dodge: Dodged            |   146 |   103 ||   249

Table legend: (Time is in decaauts)
 A = Elapsed time spent in this place.
 B = Non-inter-level travel time spent in this place.
 C = Inter-level travel time spent in this place.
 D = Time resting spent in this place.
 E = Time spent auto-exploring this place.
 F = Levels seen in this place.
 G = Mean time per level.
                   A        B        C        D        E       F      G
               +--------+--------+--------+--------+--------+-----+--------+
         Total |   4872 |   4653 |    219 |   2195 |   1660 |   4 | 1218.0 |
       Dungeon |   4872 |   4653 |    219 |   2195 |   1660 |   4 | 1218.0 |
               +--------+--------+--------+--------+--------+-----+--------+

Top non-repeatable levels by time:
     D:1: 1656 daAuts
     D:2: 1646 daAuts
     D:3: 1343 daAuts
     D:4: 226 daAuts
